 Dungeon Crawl Stone Soup version 0.30-a0-358-g0d69a1922f (webtiles) character file.

Game seed: 16685554245615806453

15220 NinjaNoafa the Cleaver (level 12, -8/106 HPs)
             Began as a Hill Orc Fighter on Nov 7, 2022.
             Was a Believer of Uskayaw.
             Mangled by a catoblepas (23 damage)
             ... on level 1 of the Lair of Beasts on Nov 8, 2022.
             The game lasted 00:28:40 (9742 turns).

NinjaNoafa the Cleaver (Hill Orc Fighter)           Turns: 9742, Time: 00:28:42

Health: -8/106     AC: 20    Str: 31    XL:     12   Next: 24%
Magic:  14/20      EV: 10    Int:  8    God:    Uskayaw [**....]
Gold:   765        SH:  0    Dex: 10    Spells: 11/11 levels left

rFire   + . .      SeeInvis .    f - +4 battleaxe (flame)
rCold   . . .      Faith    .    (shield currently unavailable)
rNeg    + . .      Spirit   .    J - +2 ring mail "Pejodime" {rF+}
rPois   .          Reflect  .    N - +0 helmet
rElec   .          Harm     .    P - +1 cloak
rCorr   .          Rampage  .    K - +1 pair of gloves "Cuplay" {Str+7}
Will    .....                    Q - +0 pair of boots
Stlth   ..........               p - amulet of regeneration
HPRegen 1.17/turn                u - +4 ring of protection
MPRegen 0.17/turn                O - ring of positive energy

@: mighty, lethally poisoned (-8 -> -9), about to teleport
A: no striking features
a: Renounce Religion, Stomp, Line Pass


You were on level 1 of the Lair of Beasts.
You worshipped Uskayaw.
Uskayaw was aware of your devotion.
You visited 3 branches of the dungeon, and saw 13 of its levels.
You also visited: Sewer and Ossuary.

You collected 965 gold pieces.
You spent 200 gold pieces at shops.

Inventory:

Hand Weapons
 f - a +4 battleaxe of flaming (weapon)
Missiles
 e - 36 poisoned darts
 m - 17 boomerangs (quivered)
 q - 93 stones
 D - 2 curare-tipped darts
 T - 4 atropa-tipped darts
Armour
 J - the +2 ring mail "Pejodime" (worn) {rF+}
   (You found it on level 5 of the Dungeon)

   rF:        It protects you from fire.
 K - the +1 pair of gloves "Cuplay" (worn) {Str+7}
   (You bought it in a shop on level 2 of the Dungeon)

   Str:       It affects your strength (+7).
 N - a +0 helmet (worn)
 P - a +1 cloak (worn)
 Q - a +0 pair of boots (worn)
Jewellery
 p - an amulet of regeneration (around neck)
 u - a +4 ring of protection (left hand)
 F - a ring of fire
 O - a ring of positive energy (right hand)
Wands
 a - a wand of flame (11)
 d - a wand of polymorph (8)
 x - a wand of charming (12)
 G - a wand of mindburst (5)
 H - a wand of quicksilver (5)
 R - a wand of iceblast (6)
Scrolls
 c - 3 scrolls of amnesia {unknown}
 g - 4 scrolls of immolation
 h - 3 scrolls of fog {unknown}
 j - 2 scrolls of torment {unknown}
 k - a scroll of teleportation
 n - 2 scrolls of fear {unknown}
 r - 4 scrolls of magic mapping {unknown}
 s - 2 scrolls of enchant armour {unknown}
 y - 4 scrolls of noise
 B - 5 scrolls of brand weapon {unknown}
 I - a scroll of blinking {unknown}
 M - 2 scrolls of vulnerability {unknown}
 S - a scroll of poison {unknown}
Potions
 b - 2 potions of attraction
 i - 3 potions of brilliance
 l - a potion of lignification
 o - 9 potions of degeneration
 t - 3 potions of resistance
 w - 3 potions of flight
 z - 2 potions of curing
 A - a potion of haste
 C - a potion of mutation {unknown}
 E - 3 potions of cancellation


   Skills:
 + Level 9.6 Fighting
 + Level 11.6 Axes
 + Level 9.5 Armour
 - Level 7.0 Shields
 + Level 11.6 Invocations
 - Level 9.0 Evocations


You had 11 spell levels left.
You didn't know any spells.
Your spell library contained the following spells:

 Spells                   Type           Power      Damage    Failure   Level
 Apportation              Tloc           0%         N/A       50%         1
 Necrotise                Necr           0%         1d4       50%         1
 Slow                     Hex            0%         N/A       50%         1
 Summon Small Mammal      Summ           0%         N/A       50%         1
 Confusing Touch          Hex            0%         N/A       86%         3
 Gell's Gravitas          Tloc           0%         N/A       86%         3
 Lesser Beckoning         Tloc           0%         N/A       86%         3
 Teleport Other           Tloc           0%         N/A       86%         3
 Vampiric Draining        Necr           0%         2d6       86%         3
 Summon Ice Beast         Ice/Summ       0%         N/A       99%         4
 Summon Mana Viper        Hex/Summ       0%         N/A       100%        5
 Monstrous Menagerie      Summ           0%         N/A       100%        7


Dungeon Overview and Level Annotations

Branches:
Dungeon (11/15)            Temple (1/1) D:6            Lair (1/5) D:10
    Orc (0/2) D:11          Sewer (visited)         Ossuary (visited)

Altars:
Ashenzari
Cheibriados
Dithmenos
Elyvilon
Fedhas
Gozag
Hepliaklqana
Kikubaaqudgha
Makhleb
Nemelex Xobeh
Okawaru
Qazlal
Ru
Sif Muna
Trog
Uskayaw
Vehumet
Wu Jian
Xom
Yredelemnul
Zin
The Shining One
Beogh

Shops:
D:2 (?*!?   D:3 !


Message History

The catoblepas gores you but does no damage.
You stomp with the beat, sending a shockwave through the revellers around you!
The catoblepas is severely wounded.
The elephant is heavily wounded.
You kill the cane toad!
You can no longer pass through a line of other dancers.
You feel sick. The catoblepas barely misses you.
You can now pass through a line of other dancers.
Aiming: Line Pass
Press: ? - help, Dir - move target The catoblepas appears confused.
You can no longer pass through a line of other dancers.
You feel sick.
The elephant is no longer petrified.
The catoblepas gores you!!
* * * LOW HITPOINT WARNING * * *
The elephant misses you. The elephant barely misses you.
Really quaff the potion of lignification?
Okay, then.
You slice the catoblepas!! You burn the catoblepas.
The catoblepas is almost dead.
You slash the elephant! You burn the elephant. You slash the dream sheep!
You burn the dream sheep.
You feel sick.
The elephant tramples you but does no damage.
The elephant trunk-slaps you but does no damage.
The dream sheep bites you.
* * * LOW HITPOINT WARNING * * *
You can now pass through a line of other dancers.
As you read the scroll of teleportation, it crumbles to dust.
You feel strangely unstable.
You feel sick.
The catoblepas seems less confused.
The catoblepas gores you but does no damage.
The elephant closely misses you.
The elephant trunk-slaps you but does no damage.
The dream sheep bites you but does no damage.
You barely miss the catoblepas.
The catoblepas is almost dead.
You slice the elephant!! You burn the elephant.
You kill the elephant!
You slice the dream sheep!! You burn the dream sheep.
You kill the dream sheep!
You feel sick. The catoblepas gores you!!
You die...

. ~~ .. ♣.
.# .♣ ♣
.#### ♣.
.♣.P#.##. .♣
♣........
♣.♣#..P..##
♣.♣††.....#
♣.Y@#P.#..
♣..♣..# #
♣.♣##.# #
♣#♣##.# #
##....# #
#.#.#####..#
#.........#
#
#..########
# #...#


You could see a catoblepas.

Vanquished Creatures
  A boulder beetle (D:11)
  The ghost of blackman the Carver, a novice HuDe of Ashenzari (D:8)
  Nergalle (D:11)
  A manticore (D:11)
  3 cyclopes
  An elephant (Lair:1)
  A cane toad (Lair:1)
  2 centaur skeletons (D:8)
  A tengu conjurer (D:7)
  2 hellwings (D:8)
  4 trolls
  A hornet (D:10)
  A dream sheep (Lair:1)
  2 shadows
  5 yaks (D:9)
  A wraith (D:10)
  A wyvern (D:9)
  Eustachio (D:6)
  A steam dragon (D:9)
  An acid dragon (D:10)
  Duvessa (D:5)
  Menkaure (D:4)
  2 water moccasins
  A sky beast (D:7)
  3 ice beasts (D:8)
  A black bear (D:6)
  7 orc warriors
  6 centaurs
  5 ogres
  3 wolves (D:10)
  The ghost of TwistedFlax the Cudgeller, an amateur GrBe of Trog (D:3)
  3 phantoms
  9 kobold brigands
  2 bullfrogs
  A gnoll sergeant (D:9)
  5 scorpions
  3 elf skeletons (D:5)
  4 wights (D:9)
  Dowan (D:5)
  5 killer bees (D:8)
  2 electric eels (D:10)
  2 howler monkeys (D:6)
  5 hounds
  5 centaur zombies
  4 human zombies
  5 orc priests
  A wyvern simulacrum (D:8)
  3 gnoll boudas
  2 jellies
  Crazy Yiuf (D:6)
  Jessica (D:3)
  An iguana (D:6)
  Ijyb (D:5)
  9 orc wizards
  Natasha (thrice) (D:2)
  A human skeleton (D:5)
  The ghost of blackman the Sneak, a weakling HuDe (D:7)
  2 killer bee simulacra (D:8)
  3 mummies (Ossuary)
  18 gnolls
  7 adders
  3 river rats (Sewer)
  8 shadow imps
  3 white imps
  2 ufetubi
  A worm (D:3)
  4 dart slugs
  68 orcs
  7 bats
  7 endoplasms
  5 giant cockroaches
  7 goblins
  3 hobgoblins
  5 jackals (Sewer)
  24 kobolds
  A quokka (D:3)
  7 ball pythons
  4 frilled lizards
  A hobgoblin zombie (Ossuary)
  4 orc zombies (Ossuary)
  6 rats
343 creatures vanquished.

Vanquished Creatures (others)
  4 fungi (D:6)
  13 plants
  A withered plant (D:8)
18 creatures vanquished.

Grand Total: 361 creatures vanquished

Notes
Turn   | Place    | Note
-------+----------+-------------------------------------------
     0 | D:1      | NinjaNoafa the Hill Orc Fighter began the quest for the
                  | Orb.
     0 | D:1      | Reached XP level 1. HP: 19/19 MP: 1/1
     2 | D:1      | Noticed a gargoyle
     2 | D:1      | Noticed a troll
     4 | D:1      | Noticed a vampire
     4 | D:1      | Noticed a tengu
     6 | D:1      | Noticed a naga
     6 | D:1      | Noticed an octopode
     8 | D:1      | Noticed an elf
     8 | D:1      | Noticed a ghoul
    10 | D:1      | Noticed a demigod
    10 | D:1      | Noticed a demonspawn
    12 | D:1      | Noticed a merfolk
    12 | D:1      | Noticed an ogre
    14 | D:1      | Noticed a formicid
    14 | D:1      | Noticed a minotaur
    16 | D:1      | Noticed a human
    16 | D:1      | Noticed a vine stalker
    20 | D:1      | Noticed a draconian
    20 | D:1      | Noticed a spriggan
    22 | D:1      | Noticed a meteoran
    22 | D:1      | Noticed a felid
    24 | D:1      | Noticed an armataur
    24 | D:1      | Noticed a draconian
    26 | D:1      | Noticed a naga
   163 | D:1      | Reached XP level 2. HP: 24/26 MP: 2/2
   640 | D:1      | Reached XP level 3. HP: 31/31 MP: 3/3
   999 | D:2      | Found Fuuwirr's Assorted Antiques.
  1010 | D:2      | Reached skill level 5 in Axes
  1014 | D:2      | Found Ucyc's Distillery.
  1090 | D:2      | Found Tigirr's Magic Scroll Shop.
  1098 | D:2      | Bought a scroll of identify for 28 gold pieces
  1135 | D:2      | Reached XP level 4. HP: 34/40 MP: 4/4
  1404 | D:2      | Found Kuuttaus's Weapon Emporium.
  1462 | D:2      | Noticed Natasha
  1465 | D:2      | Killed Natasha
  1515 | D:2      | Found an ornate altar of the Wu Jian Council.
  1667 | D:2      | Found Bydwyann's Magic Scroll Boutique.
  1680 | D:2      | Noticed Natasha
  1689 | D:2      | Killed Natasha
  1690 | D:2      | Reached XP level 5. HP: 38/47 MP: 5/5
  1702 | D:2      | Noticed Natasha
  1718 | D:2      | Killed Natasha
  2059 | D:3      | Noticed Jessica
  2070 | D:3      | Killed Jessica
  2145 | D:3      | Found a shimmering blue altar of Sif Muna.
  2174 | D:3      | Found a runed translucent door.
  2174 | D:3      | Noticed TwistedFlax's ghost (amateur GrBe)
  2326 | D:3      | Found Caulus's Distillery.
  2518 | D:3      | Killed TwistedFlax's ghost
  2519 | D:3      | Reached skill level 5 in Fighting
  2519 | D:3      | Reached XP level 6. HP: 52/56 MP: 6/6
  2681 | D:4      | Reached skill level 5 in Armour
  2681 | D:4      | Reached skill level 5 in Shields
  2719 | D:4      | Reached XP level 7. HP: 51/61 MP: 7/7
  2906 | D:4      | Noticed Menkaure
  2912 | D:4      | Killed Menkaure
  3423 | D:5      | Entered Level 5 of the Dungeon
  3428 | D:5      | Noticed Dowan
  3429 | D:5      | Noticed Duvessa
  3448 | D:5      | Killed Duvessa
  3454 | D:5      | Killed Dowan
  3496 | D:5      | Reached XP level 8. HP: 70/70 MP: 8/8
  3534 | D:5      | Found a sand-covered staircase.
  3569 | Ossuary  | Entered an ossuary
  3811 | D:5      | Found a glowing drain.
  3812 | D:5      | Noticed Ijyb
  3817 | Sewer    | Entered a sewer
  4502 | D:5      | Killed Ijyb
  4588 | D:5      | Found a white marble altar of Elyvilon.
  4603 | D:5      | Reached XP level 9. HP: 82/82 MP: 9/9
  4612 | D:5      | Found a glowing silver altar of Zin.
  4622 | D:5      | Found a glowing golden altar of the Shining One.
  4698 | D:5      | Noticed a troll
  4715 | D:5      | Killed a troll
  5130 | D:5      | Identified the +2 ring mail "Pejodime" {rF+}
  5320 | D:2      | Bought a pair of glimmering gloves for 142 gold pieces
  5320 | D:2      | Identified the +1 pair of gloves "Cuplay" {Str+7} (You
                  | bought it in a shop on level 2 of the Dungeon)
  5327 | D:2      | Bought a scroll of identify for 30 gold pieces
  5469 | D:6      | Noticed Eustachio
  5480 | D:6      | Killed Eustachio
  5489 | D:6      | Reached skill level 10 in Axes
  5645 | D:6      | Reached XP level 10. HP: 89/91 MP: 10/10
  5923 | D:6      | Found a staircase to the Ecumenical Temple.
  5955 | Temple   | Entered the Ecumenical Temple
  6177 | D:6      | Found a runed translucent door.
  6178 | D:6      | Noticed Crazy Yiuf
  6185 | D:6      | Killed Crazy Yiuf
  6337 | D:7      | Found a runed translucent gate.
  6337 | D:7      | Found a runed translucent gate.
  6337 | D:7      | Found an opulent altar of Gozag.
  6338 | D:7      | Found a runed translucent gate.
  6359 | D:7      | Reached skill level 1 in Invocations
  6412 | D:7      | Noticed blackman's ghost (weakling HuDe)
  6748 | D:7      | Killed blackman's ghost
  6832 | D:8      | Found a sacrificial altar of Ru.
  6834 | D:8      | Found a hazy altar of Hepliaklqana.
  6837 | D:8      | Found a burning altar of Makhleb.
  6837 | D:8      | Found a hide-covered altar of Uskayaw.
  6838 | D:8      | Found a radiant altar of Vehumet.
  6838 | D:8      | Found a stormy altar of Qazlal.
  6852 | D:8      | Became a worshipper of Uskayaw the Reveller
  6867 | D:8      | Reached * piety under Uskayaw
  6883 | D:8      | Noticed blackman's ghost (novice HuDe)
  6911 | D:8      | Found a runed translucent gate.
  6911 | D:8      | Found a runed translucent gate.
  6911 | D:8      | Found a runed translucent gate.
  6943 | D:8      | Reached ** piety under Uskayaw
  6945 | D:8      | Reached *** piety under Uskayaw
  6947 | D:8      | Reached **** piety under Uskayaw
  6948 | D:8      | Reached skill level 5 in Invocations
  6954 | D:8      | Reached ***** piety under Uskayaw
  6965 | D:8      | Reached ****** piety under Uskayaw
  7043 | D:8      | Reached skill level 10 in Invocations
  7131 | D:8      | Identified a scroll of acquirement
  7131 | D:8      | Acquired a +2 battleaxe of flaming
  7171 | D:8      | Reached XP level 11. HP: 90/97 MP: 18/18
  7482 | D:8      | Reached skill level 1 in Evocations
  7505 | D:8      | Killed blackman's ghost
  7629 | D:9      | Reached skill level 5 in Evocations
  7681 | D:9      | Upgraded the game from 0.30-a0-354-g6b83867211 to
                  | 0.30-a0-358-g0d69a1922f
  8154 | D:9      | Found a roughly hewn altar of Beogh.
  8368 | D:10     | Entered Level 10 of the Dungeon
  8582 | D:10     | Noticed a cyclops
  8587 | D:10     | Paralysed by a hornet for 1 turns
  8590 | D:10     | Found a staircase to the Lair.
  8702 | D:11     | Noticed a cyclops
  8706 | D:11     | Killed a cyclops
  8710 | D:11     | Noticed Nergalle
  8717 | D:11     | Killed Nergalle
  8866 | D:11     | Noticed a boulder beetle
  8873 | D:11     | Killed a boulder beetle
  8874 | D:11     | Reached XP level 12. HP: 78/104 MP: 20/20
  8973 | D:11     | Found a staircase to the Orcish Mines.
  9662 | Lair:1   | Entered Level 1 of the Lair of Beasts
  9724 | Lair:1   | Noticed a catoblepas
  9742 | Lair:1   | Mangled by a catoblepas

Illustrated notes

Levels and vault maps discovered:
D:1:      kb_arrival_jail, layout_basic
D:2:      layout_basic, basic_altar, serial_shops, nicolae_shop_behind_doors,
          shop, shop, nicolae_shop_hallway_plus, nicolae_shop_trees,
          uniq_natasha
D:3:      layout_rooms, tgw_sif, serial_shops, shop,
          hellmonk_ghost_happy_afterlife
D:4:      layout_cave_pods, uniq_menkaure
D:5:      layout_loops_cross, good_gods_temple_1,
          nicolae_ossuary_entry_catacombs, cheibrodos_sewer_entry_drain,
          abandoned_shop, uniq_ijyb, uniq_duvessa
D:6:      layout_cave_pools, minmay_temple_entry_stoned_glass,
          minmay_misc_feat_cross, uniq_crazy_yiuf_cottage, uniq_eustachio
D:7:      layout_rooms, ebering_ghost_gozag
D:8:      cheibrodos_grave_circle, layout_gridville, grunt_temple_overflow_open,
          gammafunk_ghost_icy
D:9:      layout_roguey [special_room_orc], kennysheep_generic_room_4
D:10:     layout_loops_cross, erik_lair_island
D:11:     layout_loops_ring, hiddenorc2_lemuel, kennysheep_potato, uniq_nergalle
Temple:   nicolae_temple_bog_church
Lair:1:   layout_loops_ring, basic_altar, wad_woods_river_01, uniq_amaemon

Skill      XL: |  1  2  3  4  5  6  7  8  9 10 11 |
---------------+----------------------------------+-----
Axes           | 3 4 5 6 7 9 10 11 | 11.6
Fighting       | 4 5 8 9 |  9.6
Armour         | 4 5 7 8 9 |  9.5
Shields        | 4 5 6 7 |  7.0
Invocations    | 10 11 | 11.6
Evocations     | 9 |  9.0

Action                   |  1- 3 |  4- 6 |  7- 9 | 10-12 || total
-------------------------+-------+-------+-------+-------++-------
Melee: War axe           |    67 |    64 |   414 |   121 ||   666
       Unarmed           |       |    12 |       |       ||    12
       Battleaxe         |       |       |       |   232 ||   232
Throw: Boomerang         |       |    17 |     4 |     6 ||    27
Invok: Stomp             |       |       |       |     1 ||     1
       Line Pass         |       |       |       |     1 ||     1
Evoke: Wand              |       |       |     8 |     5 ||    13
  Use: Scroll            |       |     3 |     4 |    11 ||    18
       Potion            |       |     3 |     5 |     6 ||    14
 Stab: Paralysed         |       |       |       |    40 ||    40
       Petrified         |       |       |       |     2 ||     2
Armor: Scale mail        |    41 |    17 |     5 |       ||    63
       Plate armour      |       |    45 |   249 |       ||   294
       Ring mail         |       |       |    52 |   311 ||   363
Dodge: Dodged            |    31 |    45 |   161 |   229 ||   466
Block: Buckler           |     7 |    23 |   116 |    55 ||   201

Table legend: (Time is in decaauts)
 A = Elapsed time spent in this place.
 B = Non-inter-level travel time spent in this place.
 C = Inter-level travel time spent in this place.
 D = Time resting spent in this place.
 E = Time spent auto-exploring this place.
 F = Levels seen in this place.
 G = Mean time per level.
                   A        B        C        D        E       F      G
               +--------+--------+--------+--------+--------+-----+--------+
         Total |  10036 |   9484 |    552 |      0 |   6945 |  15 |  669.1 |
       Dungeon |   8735 |   8198 |    537 |      0 |   6118 |  11 |  794.1 |
        Temple |    167 |    152 |     15 |      0 |    143 |   1 |  167.0 |
          Lair |     80 |     80 |      0 |      0 |     60 |   1 |   80.0 |
         Sewer |    810 |    810 |      0 |      0 |    510 |   1 |  810.0 |
       Ossuary |    242 |    242 |      0 |      0 |    114 |   1 |  242.0 |
               +--------+--------+--------+--------+--------+-----+--------+

Top non-repeatable levels by time:
     D:2: 1309 daAuts
     D:5: 1044 daAuts
    D:11: 976 daAuts
     D:4: 898 daAuts
     D:1: 814 daAuts
   Sewer: 810 daAuts
     D:9: 791 daAuts
     D:8: 773 daAuts
     D:6: 633 daAuts
     D:3: 598 daAuts
     D:7: 576 daAuts
    D:10: 318 daAuts
 Ossuary: 242 daAuts
  Temple: 167 daAuts
  Lair:1: 80 daAuts
